 Dungeon Crawl Stone Soup version 0.32-a0-39-g5c88369fb2 (webtiles) character file.

Game seed: 4916240931702636935

17908 Ge0ff the Thaumaturge (level 12, 0/86 HPs)
             Began as a Mummy Cinder Acolyte on Jan 31, 2024.
             Was a Follower of Ignis.
             Slain by a cane toad (14 damage)
             ... on level 1 of the Lair of Beasts.
             The game lasted 00:23:49 (15409 turns).

Ge0ff the Thaumaturge (Mummy Cinder Acolyte)       Turns: 15409, Time: 00:23:49

Health: 0/86       AC: 11    Str: 19    XL:     12   Next: 23%
Magic:  9/27       EV: 11    Int: 17    God:    Ignis [*.....]
Gold:   179        SH:  8    Dex: 10    Spells: 9/33 levels left

rFire   . . .        a - +5 demon trident
rCold   + . .        U - +3 warlock's mirror {omnireflect}
rNeg    + + +        X - +2 robe {Will+}
rPois   ∞            Z - +1 hat
rElec   .            V - +0 cloak
rCorr   .            o - +1 pair of gloves
SInv    .            p - +2 pair of boots
Will    ++...        J - amulet of regeneration
Stlth   +            w - ring "Tineov" {Dex+3 Slay+4}
HPRegen 1.14/turn    (no ring)
MPRegen 0.20/turn

%: reflection, faith
@: very slow
A: cold resistance 1, negative energy resistance 3, torment resistance 2, heat
vulnerability 1, in touch with death 1, no potions, faith
a: Renounce Religion, Fiery Armour, Foxfire Swarm, Rising Flame


You were on level 1 of the Lair of Beasts.
You worshipped Ignis.
Ignis was aware of your devotion.
You visited 3 branches of the dungeon, and saw 13 of its levels.
You also visited: Bailey.

You collected 569 gold pieces.
You spent 390 gold pieces at shops.

Inventory:

Hand Weapons
 a - a +5 demon trident (weapon)
 z - a +1 dagger of protection
 A - a -1 spear of flaming
 C - a +3 trident
 G - the +3 hand axe of Punishment {protect, rCorr}
   (You found it on level 10 of the Dungeon)

   rCorr:     It protects you from acid and corrosion.
 N - a +3 spear
 O - a +3 dagger of electrocution
 P - a +2 dagger of venom
 Y - the +5 dagger of Grandeur {pain, Str+2 Dex+2}
   (You found it on level 5 of the Dungeon)

   Str+2:     It affects your strength (+2).
   Dex+2:     It affects your dexterity (+2).
Missiles
 g - 9 javelins
 v - a curare-tipped dart {=F}
 H - 123 stones
 L - 4 boomerangs
 W - 30 poisoned darts
Armour
 o - a +1 pair of gloves (worn)
 p - a +2 pair of boots (worn)
 r - a +3 leather armour
 I - +0 acid dragon scales
 K - a +0 troll leather armour
 M - a +1 pair of boots of rampaging
 Q - +0 steam dragon scales
 U - the +3 warlock's mirror (worn) {omnireflect}
   (You acquired it on level 4 of the Dungeon)

   Omnireflect: It can block and reflect piercing ranged attacks and magical
   attacks against the wielder's willpower.
 V - a +0 cloak (worn)
 X - a +2 robe of willpower (worn)
 Z - a +1 hat (worn)
Magical Staves
 h - a staff of earth
 x - a staff of death
Jewellery
 c - an amulet of guardian spirit
 w - the ring "Tineov" (left hand) {Dex+3 Slay+4}
   (You found it on level 1 of the Lair of Beasts)

   [ring of slaying]

   Dex+3:     It affects your dexterity (+3).
   Slay+4:    It affects your accuracy & damage with ranged weapons and melee
   (+4).
 B - an amulet of reflection
 J - an amulet of regeneration (around neck)
Wands
 d - a wand of digging (8)
 f - a wand of flame (37)
 j - a wand of quicksilver (12)
 k - a wand of iceblast (10)
Scrolls
 s - 2 scrolls of enchant armour
 y - a scroll of amnesia {unknown}
 D - 4 scrolls of blinking {unknown}
 E - a scroll of fog {unknown}
 F - 2 scrolls of fear {unknown}
 R - a scroll of torment
 S - a scroll of butterflies
 T - 9 scrolls of teleportation


   Skills:
 - Level 5.0 Fighting
 - Level 2.4 Polearms
 - Level 1.0 Armour
 - Level 2.0 Dodging
 - Level 2.0 Stealth
 - Level 5.0 Shields
 - Level 11.0 Spellcasting
 + Level 6.9 Necromancy
 - Level 10.0 Fire Magic
 * Level 4.0 Earth Magic
 - Level 6.3 Evocations


You had 9 spell levels left.
You knew the following spells:

 Your Spells              Type           Power      Damage    Failure   Level
d - Iskenderun's Mystic   Conj/Tloc      9%         2d4       67%         4
f - Cigotuvi's Dreadful   Necr/Alch/Air  50%        N/A       5%          2
g - Apportation           Tloc           18%        N/A       10%         1
j - Lesser Beckoning      Tloc           18%        N/A       14%         2
k - Borgnjor's Vile Clut  Necr/Erth      21%        N/A       26%         5
n - Dispel Undead         Necr           49%        3d18      5%          4
p - Fulminant Prism       Conj/Alch      4%         3d5       67%         4
C - Scorch                Fire           86%        2d8       1%          2

Your spell library contained the following spells:

 Spells                   Type           Power      Damage    Failure   Level
 Necrotise                Necr           100%       1d9       1%          1
 Kiss of Death            Conj/Necr      100%       2d13      2%          1
 Volatile Blastmotes      Fire/Tloc      52%        2d14      3%          3
 Animate Dead             Necr           49%        N/A       5%          4
 Magic Dart               Conj           36%        1d4       10%         1
 Sting                    Conj/Alch      36%        1d5       10%         1
 Summon Small Mammal      Summ           36%        N/A       10%         1
 Searing Ray              Conj           18%        2d5       14%         2
 Martyr's Knell           Necr/Summ      31%        N/A       22%         4
 Confusing Touch          Hex            9%         N/A       28%         3
 Gell's Gravitas          Tloc           9%         N/A       28%         3
 Teleport Other           Tloc           9%         N/A       28%         3
 Death Channel            Necr           24%        N/A       63%         6


Dungeon Overview and Level Annotations

Branches:
Dungeon (11/15) Zot: 25260  Temple (1/1) D:5 Zot: 5998    Lair (1/5) D:10 Zot: 5173
    Orc (0/2) D:9          Bailey (visited)

Altars:
Ashenzari
Cheibriados
Dithmenos
Fedhas
Gozag
Hepliaklqana
Kikubaaqudgha
Makhleb
Nemelex Xobeh
Okawaru
Qazlal
Ru
Sif Muna
Trog
Uskayaw
Vehumet
Wu Jian
Xom
Yredelemnul

Shops:
D:1 =   D:2 (   D:9 [


Innate Abilities, Weirdness & Mutations

You are immune to poison.
Your flesh is cold resistant. (rC+)
You are immune to negative energy. (rN+++)
You are immune to unholy pain and torment.
You are vulnerable to heat. (rF-)
You are in touch with the powers of death.
You do not drink.
You have a special connection with the divine. (Faith)


Message History

Casting: Scorch (safe; 1% risk of failure)
Confirm with . or Enter, or press ? or * to list all spells.
Flames lash the cane toad.
The cane toad is lightly wounded.
The cane toad's fire resistance burns away.
You block the wolf's attack. The wolf closely misses you.
The komodo dragon is engulfed in a cloud of scalding steam.
You block the komodo dragon's attack. The wolf closely misses you.
The wolf splashes around in the water.
Casting: Scorch (safe; 1% risk of failure)
Confirm with . or Enter, or press ? or * to list all spells.
Flames lash the wolf.
The wolf is severely wounded.
The wolf's fire resistance burns away.
The wolf closely misses you.
The wolf is engulfed in a cloud of scalding steam.
You block the wolf's attack.
The komodo dragon is engulfed in a cloud of scalding steam.
You kill the komodo dragon!
The cane toad closely misses you. The wolf bites you.
The wolf is engulfed in a cloud of scalding steam.
The wolf bites you.
Casting: Scorch (safe; 1% risk of failure)
Confirm with . or Enter, or press ? or * to list all spells.
Flames lash the wolf.
The wolf is burned terribly!
You kill the wolf!
The wolf bites you. The cane toad stings you!
Casting: Scorch (safe; 1% risk of failure)
Confirm with . or Enter, or press ? or * to list all spells.
Flames lash the wolf.
The wolf is burned terribly!
The wolf is almost dead.
The cane toad is no longer more vulnerable to fire.
The wolf bites you. You block the cane toad's attack.
The wolf bites you but does no damage.
Casting: Scorch (safe; 1% risk of failure)
Confirm with . or Enter, or press ? or * to list all spells.
Flames lash the wolf.
The wolf is burned terribly!
You kill the wolf!
The cane toad stings you!!
* * * LOW HITPOINT WARNING * * *
Your Earth Magic skill increases to level 4!
Casting: Scorch (safe; 1% risk of failure)
Confirm with . or Enter, or press ? or * to list all spells.
Flames lash the cane toad.
The cane toad is moderately wounded.
The cane toad's fire resistance burns away.
The cane toad is engulfed in a cloud of scalding steam.
The cane toad closely misses you.
The cane toad is engulfed in a cloud of scalding steam.
The cane toad stings you!
You die...

#..######..P##...###...####P..###
.................................
.................................
#...#######........#..#..######..
... #........####..# #.. P
#........# #..# #.. ##..~~~†..#
#..## #..
#...~≈F††.####...####...
......~≈≈@§...............
.......~~≈≈~...............
.P######~≈≈~~.............# .#
#~~≈≈~.............#
#~#~≈≈~.............P
###~≈≈~~............# ##
#~~≈≈~............#
P.##~~≈≈~............#
.....~≈≈~.............


You could see a cane toad (combustible).

Vanquished Creatures
  2 vault guards (Bailey)
  2 two-headed ogres
  Urug (D:11)
  A cyclops (D:11)
  2 black mambas (Lair:1)
  An unseen horror (D:10)
  A cane toad (Lair:1)
  Maggie (D:6)
  A komodo dragon (Lair:1)
  A troll (D:11)
  Grinder (D:4)
  Prince Ribbit (D:7)
  A polar bear (Lair:1)
  2 hornets
  2 blink frogs
  A wraith (D:11)
  2 wyverns
  5 humans (Bailey)
  14 yaks
  A basilisk (Lair:1)
  Menkaure (D:6)
  2 steam dragons
  2 vampire mosquitoes (D:10)
  Edmund (D:5)
  6 water moccasins
  An acid dragon (D:9)
  Duvessa (D:6)
  5 orc warriors
  2 ice beasts
  3 black bears
  2 ogres
  11 wolves (Lair:1)
  6 centaurs
  The ghost of Gargoyl the Trooper, an amateur GrBe of Trog (D:3)
  2 phantoms
  2 kobold brigands
  3 scorpions
  A necrophage (D:5)
  12 bullfrogs
  23 wights
  A water moccasin skeleton (D:5)
  Dowan (D:6)
  A howler monkey (D:4)
  6 hounds
  A jelly (D:4)
  2 bombardier beetles
  8 orc priests
  2 sleepcaps
  7 iguanas
  Natasha (thrice) (D:4)
  9 orc wizards
  A bullfrog simulacrum (D:5)
  A centaur simulacrum (D:5)
  A gnoll (D:1)
  7 adders
  A white imp (D:6)
  2 ufetubi (D:5)
  An adder skeleton (D:5)
  3 dart slugs
  2 ribbon worms
  43 orcs
  6 ball pythons
  8 bats
  2 endoplasms
  2 giant cockroaches
  9 goblins
  10 hobgoblins
  2 jackals (D:3)
  16 kobolds
  2 quokkas
  2 frilled lizards
  A rat (D:2)
293 creatures vanquished.

Vanquished Creatures (others)
  124 foxfires
124 creatures vanquished.

Grand Total: 417 creatures vanquished

Notes
Turn   | Place    | Note
-------+----------+-------------------------------------------
     0 | D:1      | Ge0ff the Mummy Cinder Acolyte began the quest for the Orb.
     0 | D:1      | Reached XP level 1. HP: 18/18 MP: 2/2
   163 | D:1      | Reached XP level 2. HP: 24/24 MP: 4/4
   176 | D:1      | Reached skill level 2 in Spellcasting
   177 | D:1      | Reached skill level 1 in Stealth
   182 | D:1      | Learned a level 2 spell: Scorch
   391 | D:1      | Reached XP level 3. HP: 18/29 MP: 2/6
   460 | D:1      | Found Reoxt's Jewellery Shop.
   604 | D:1      | Found a blossoming altar of Fedhas.
   950 | D:2      | Found a burning altar of Makhleb.
  1277 | D:2      | Found Mosekesa's Antique Weapon Boutique.
  1352 | D:2      | Reached XP level 4. HP: 35/35 MP: 3/8
  1738 | D:2      | Reached skill level 3 in Spellcasting
  2635 | D:3      | Found a transporter.
  2644 | D:3      | Noticed an ogre
  2653 | D:3      | Noticed Gargoyl's ghost (amateur GrBe)
  2676 | D:3      | Found a transporter.
  2706 | D:3      | Reached XP level 5. HP: 41/41 MP: 3/10
  3049 | D:4      | Noticed a phantom
  3053 | D:4      | Killed a phantom
  3054 | D:4      | Reached skill level 4 in Spellcasting
  3165 | D:4      | Reached XP level 6. HP: 47/47 MP: 5/13
  3350 | D:4      | Reached skill level 5 in Spellcasting
  3437 | D:4      | Identified a scroll of acquirement
  3437 | D:4      | Noticed Natasha
  3440 | D:4      | Noticed Grinder
  3446 | D:4      | Killed Grinder
  3447 | D:4      | Reached XP level 7. HP: 45/52 MP: 11/15
  3458 | D:4      | Reached skill level 6 in Spellcasting
  3460 | D:4      | Killed Natasha
  3461 | D:4      | Reached skill level 5 in Fire Magic
  3461 | D:4      | Noticed Natasha
  3462 | D:4      | Killed Natasha
  3580 | D:4      | Acquired the +3 warlock's mirror {omnireflect}
  3580 | D:4      | Found the +3 warlock's mirror {omnireflect}
  3852 | D:4      | Found a stormy altar of Qazlal.
  3947 | D:4      | Noticed Natasha
  3950 | D:4      | Killed Natasha
  4140 | D:5      | Entered Level 5 of the Dungeon
  4146 | D:5      | Reached skill level 1 in Shields
  4152 | D:5      | Reached skill level 7 in Spellcasting
  4284 | D:5      | Reached XP level 8. HP: 56/58 MP: 11/18
  4420 | D:5      | Noticed Edmund
  4426 | D:5      | Killed Edmund
  4427 | D:5      | Found a hide-covered altar of Uskayaw.
  4783 | D:5      | Reached skill level 8 in Spellcasting
  4906 | D:5      | Found a staircase to the Ecumenical Temple.
  4915 | Temple   | Entered the Ecumenical Temple
  5105 | D:5      | Identified the +5 dagger of Grandeur {pain, Str+2 Dex+2}
  5428 | D:5      | Reached XP level 9. HP: 42/63 MP: 2/21
  6033 | D:6      | Reached skill level 9 in Spellcasting
  6079 | D:6      | Noticed Maggie
  6089 | D:6      | Killed Maggie
  6090 | D:6      | Reached skill level 1 in Evocations
  6330 | D:6      | Noticed Duvessa
  6335 | D:6      | Noticed Dowan
  6337 | D:6      | Killed Duvessa
  6342 | D:6      | Killed Dowan
  6544 | D:6      | Noticed Menkaure
  6550 | D:6      | Killed Menkaure
  7024 | D:7      | Reached skill level 5 in Shields
  7130 | D:7      | Reached skill level 10 in Spellcasting
  7397 | D:7      | Noticed Prince Ribbit
  7401 | D:7      | Killed Prince Ribbit
  7682 | D:7      | Reached XP level 10. HP: 70/70 MP: 17/24
  7761 | D:7      | Found a bloodstained altar of Trog.
  8046 | D:8      | Noticed a two-headed ogre
  8053 | D:8      | Killed a two-headed ogre
  8502 | D:7      | Reached skill level 5 in Evocations
  9138 | D:8      | Reached skill level 1 in Armour
  9359 | D:8      | Reached skill level 1 in Dodging
  9599 | D:1      | Bought an amulet of regeneration for 390 gold pieces
 10486 | D:9      | Found a staircase to the Orcish Mines.
 10606 | D:9      | Found Fair's Armour Shoppe.
 10612 | D:9      | Reached XP level 11. HP: 77/77 MP: 14/25
 11054 | D:10     | Entered Level 10 of the Dungeon
 11321 | D:10     | Found a staircase to the Lair.
 11323 | D:10     | Found a flagged portal.
 11333 | D:10     | Identified the +3 hand axe of Punishment {protect, rCorr}
 11345 | D:10     | Noticed a two-headed ogre
 11355 | D:10     | Killed a two-headed ogre
 11436 | Bailey   | Entered a bailey
 11444 | Bailey   | Reached skill level 11 in Spellcasting
 11446 | Bailey   | Reached skill level 5 in Fighting
 11685 | Bailey   | Reached skill level 10 in Fire Magic
 11901 | Bailey   | Noticed a vault guard
 11919 | Bailey   | Killed a vault guard
 12023 | Bailey   | Noticed a vault guard
 12032 | Bailey   | Killed a vault guard
 12098 | D:10     | Learned a level 1 spell: Apportation
 12103 | D:10     | Learned a level 4 spell: Dispel Undead
 12108 | D:10     | Learned a level 4 spell: Iskenderun's Mystic Blast
 12111 | D:10     | Learned a level 2 spell: Cigotuvi's Dreadful Rot
 12114 | D:10     | Learned a level 2 spell: Lesser Beckoning
 12119 | D:10     | Learned a level 4 spell: Fulminant Prism
 12168 | D:10     | Reached skill level 1 in Necromancy
 12278 | D:10     | Found a shimmering blue altar of Sif Muna.
 13661 | D:11     | Noticed Urug
 13667 | D:11     | Killed Urug
 13668 | D:11     | Reached skill level 5 in Necromancy
 14274 | D:3      | Killed Gargoyl's ghost
 14431 | Lair:1   | Entered Level 1 of the Lair of Beasts
 14438 | Lair:1   | Learned a level 5 spell: Borgnjor's Vile Clutch
 14488 | Lair:1   | Reached skill level 1 in Earth Magic
 14695 | Lair:1   | Reached XP level 12. HP: 78/86 MP: 11/27
 14792 | Lair:1   | Identified the ring "Tineov" {Dex+3 Slay+4}
 15409 | Lair:1   | Slain by a cane toad

Illustrated notes

Levels and vault maps discovered:
D:1:      dpeg_arrival_lava_altar, layout_rooms, serial_shops,
          nicolae_shop_real_fake_doors
D:2:      layout_basic, serial_shops, shop, basic_altar, kennysheep_path_1
D:3:      layout_basic, mainiacjoe_overflow_chevrons, gammafunk_ghost_smash
D:4:      layout_cave_pools, mainiacjoe_overflow_two_lobes,
          kennysheep_another_room, uniq_grinder, uniq_natasha
D:5:      layout_loops_ring, mainiacjoe_overflow_paths, temple_doors_ab,
          dilly_guarded_unrand_morg, uniq_edmund
D:6:      layout_rooms, uniq_duvessa, uniq_maggie, uniq_menkaure
D:7:      layout_basic, mainiacjoe_overflow_alcove_1, uniq_prince_ribbit1
D:8:      layout_rooms, serial_bayou_lagoon_a, nicolae_tricolors
D:9:      layout_irregular_city, david_orc_5, serial_shops, nicolae_square_shop
D:10:     layout_cross, hellmonk_sif_muna_bookshelves, lair_entry_dummy,
          enter_bailey_2
D:11:     layout_cave_pods, uniq_urug
Temple:   kb_temple_of_zot
Lair:1:   wander_river, layout_small_grid, lemuel_fruit_fields

Skill      XL: |  1  2  3  4  5  6  7  8  9 10 11 12 |
---------------+-------------------------------------+-----
Spellcasting   | 2 3 4 5 7 8 10 11 | 11.0
Stealth        | 1 2 |  2.0
Fire Magic     | 3 4 5 6 7 9 10 | 10.0
Shields        | 1 3 5 |  5.0
Evocations     | 3 5 6 |  6.3
Armour         | 1 |  1.0
Dodging        | 2 |  2.0
Fighting       | 4 5 |  5.0
Necromancy     | 6 |  6.9
Earth Magic    | 2 4 |  4.0
Polearms       | |  2.4

Action                     |  1- 3 |  4- 6 |  7- 9 | 10-12 || total
---------------------------+-------+-------+-------+-------++-------
  Melee: Spear             |    34 |     6 |    36 |       ||    76
         Demon trident     |       |       |       |    10 ||    10
  Throw: Stone             |       |     1 |       |     1 ||     2
         Dart              |       |       |       |     1 ||     1
   Cast: Scorch            |    28 |    43 |   188 |   384 ||   643
         Dispel Undead     |       |       |       |     4 ||     4
 Invoke: Foxfire Swarm     |     1 |     1 |     3 |     2 ||     7
         Fiery Armour      |       |       |     2 |       ||     2
  Evoke: Wand              |       |       |     3 |     7 ||    10
    Use: Scroll            |       |     3 |     4 |     9 ||    16
   Stab: Petrified         |       |       |       |     3 ||     3
 Armour: Robe              |    39 |    13 |    86 |   219 ||   357
  Dodge: Dodged            |    24 |    15 |    42 |   119 ||   200
  Block: Buckler           |       |       |    30 |   116 ||   146
         Reflection        |       |       |     2 |     8 ||    10

Table legend: (Time is in decaauts)
 A = Elapsed time spent in this place.
 B = Non-inter-level travel time spent in this place.
 C = Inter-level travel time spent in this place.
 D = Time resting spent in this place.
 E = Time spent auto-exploring this place.
 F = Levels seen in this place.
 G = Mean time per level.
                   A        B        C        D        E       F      G
               +--------+--------+--------+--------+--------+-----+--------+
         Total |  15472 |  14595 |    877 |   1081 |  11226 |  14 | 1105.1 |
       Dungeon |  13969 |  13093 |    876 |    789 |  10401 |  11 | 1269.9 |
        Temple |      1 |      1 |      0 |      0 |      0 |   1 |    1.0 |
          Lair |    825 |    825 |      0 |      9 |    589 |   1 |  825.0 |
        Bailey |    675 |    675 |      0 |    283 |    236 |   1 |  675.0 |
               +--------+--------+--------+--------+--------+-----+--------+

Top non-repeatable levels by time:
     D:7: 1869 daAuts
     D:5: 1789 daAuts
     D:2: 1404 daAuts
     D:3: 1380 daAuts
     D:8: 1372 daAuts
     D:9: 1283 daAuts
    D:11: 1225 daAuts
     D:4: 1108 daAuts
    D:10: 1061 daAuts
  Lair:1: 825 daAuts
     D:6: 816 daAuts
  Bailey: 675 daAuts
     D:1: 659 daAuts
  Temple: 1 daAuts
